 Dungeon Crawl Stone Soup version 0.28-a0-265-g048bc9fd10 (webtiles) character file.

Game seed: 12731040745638626555

39 aSlayers the Skirmisher (level 3, -2/34 HPs)
             Began as a Hill Orc Abyssal Knight on Aug 27, 2021.
             Was a Follower of Lugonu.
             Slain by a gnoll (9 damage)
             ... on level 3 of the Dungeon.
             The game lasted 00:04:16 (2219 turns).

aSlayers the Skirmisher (Hill Orc Abyssal Knight)   Turns: 2219, Time: 00:04:16

Health: -2/34      AC:  3    Str: 15    XL:     3   Next: 45%
Magic:  5/5        EV: 11    Int: 12    God:    Lugonu [*.....]
Gold:   44         SH:  0    Dex: 10    Spells: 2/2 levels left

rFire   . . .      SeeInvis .   a - +1 hand axe
rCold   . . .      Faith    .   (no shield)
rNeg    . . .      Spirit   .   b - +0 leather armour
rPois   .          Reflect  .   (no helmet)
rElec   .          Harm     .   (no cloak)
rCorr   .          Rampage  .   (no gloves)
Will    .....                   (no boots)
Stlth   +.........              (no amulet)
HPRegen 0.11/turn               (no ring)
MPRegen 0.09/turn               (no ring)

@: no status effects
A: no striking features
a: Renounce Religion, Depart the Abyss


You were on level 3 of the Dungeon.
You worshipped Lugonu.
Lugonu was aware of your devotion.
You visited 1 branch of the dungeon, and saw 3 of its levels.
You visited the Abyss 1 time.

You collected 44 gold pieces.

Inventory:

Hand Weapons
 a - a +1 hand axe (weapon)
Armour
 b - a +0 leather armour (worn)
Scrolls
 c - a scroll of identify {unknown}
 d - a scroll of immolation {unknown}
 g - a scroll of teleportation
 h - a scroll of magic mapping {unknown}
 i - a scroll of brand weapon {unknown}
Potions
 e - a potion of curing {unknown}


   Skills:
 + Level 4.5 Fighting
 + Level 3.2 Axes
 + Level 2.5 Armour
 + Level 1.0 Dodging
 + Level 2.7 Invocations


You had 2 spell levels left.
You didn't know any spells.
Your spell library was empty.

Dungeon Overview and Level Annotations

Branches:
Dungeon (3/15)

Altars:
Fedhas
Qazlal


Message History

The gnoll hits you but does no damage.
As you read the scroll labelled YPIOKHL OSALANG, it crumbles to dust.
You feel strangely unstable.
It was a scroll of teleportation.
The gnoll barely misses you. The gnoll misses you.
The gnoll hits you with a +0 flail!
* * * LOW HITPOINT WARNING * * *
It was a potion of flight.
You feel very buoyant.
You fly up into the air.
The endoplasm barely misses you. The gnoll barely misses you.
The gnoll closely misses you. x2
Your surroundings suddenly seem different.
You hear the slow rusting of a very distant drain.
There is a stone staircase leading up here.
You are starting to lose your buoyancy.
You float gracefully downwards.
You hear the slow rusting of a very distant drain.
You hear the slow rusting of a very distant drain.
A gnoll is nearby!
A gnoll is nearby!
A gnoll is nearby!
A gnoll is nearby!
A gnoll is nearby!
The gnoll shouts!
You hear a shout! x2
The gnoll falls through a shaft!
The shaft crumbles and collapses.
There is a stone staircase leading up here.
A kobold comes into view. It is wielding a +0 dagger.
The gnoll shouts!
You hit the kobold but do no damage. You hit the fungus.
The fungus begins to die.
The kobold barely misses you.
You hit the kobold.
The kobold is moderately wounded.
You hit the fungus. The kobold hits you but does no damage.
The gnoll hits you with a +0 flail!
* * * LOW HITPOINT WARNING * * *
The kobold misses you.
A nearby fungus withers and dies.
The kobold barely misses you. The gnoll hits you with a +0 flail.
* * * LOW HITPOINT WARNING * * *
The gnoll hits you with a +0 flail!
You die...

##### ##.PP##
#.PPP.#
#PP_P.########
#...P........#
##............#
#....gK.......#
#....#@.......#
#..§..≈.......#
....≈_≈..<.....+
####.≈§≈#.......#
....^#+.......+
.#
.#######.......#
.# #.......# .#
#######.#...### .
.# #....)..#...#


You could see a gnoll and a kobold.

Vanquished Creatures
  An orc (D:3)
  5 endoplasms
  6 hobgoblins
  6 kobolds
  2 ball pythons
  5 bats
  5 frilled lizards
  5 goblins
  2 rats
37 creatures vanquished.

Vanquished Creatures (others)
  A fungus (D:3)
  4 toadstools (D:1)
5 creatures vanquished.

Grand Total: 42 creatures vanquished

Notes
Turn   | Place    | Note
-------+----------+-------------------------------------------
     0 | Abyss:1  | aSlayers the Hill Orc Abyssal Knight began the quest for
                  | the Orb.
     0 | Abyss:1  | Reached XP level 1. HP: 19/19 MP: 2/2
     1 | D:1      | Escaped the Abyss
   161 | D:1      | Reached * piety under Lugonu
   177 | D:1      | Reached XP level 2. HP: 14/27 MP: 3/3
   322 | D:1      | Found a faded altar of an unknown god.
   328 | D:1      | Reached skill level 4 in Fighting
  1198 | D:2      | Reached skill level 1 in Dodging
  1198 | D:2      | Reached XP level 3. HP: 28/34 MP: 5/5
  1981 | D:3      | Found a stormy altar of Qazlal.
  1981 | D:3      | Found a blossoming altar of Fedhas.
  2075 | D:3      | HP: 1/34 [gnoll (9)]
  2219 | D:3      | Slain by a gnoll

Illustrated notes

Levels and vault maps discovered:
D:1:      ldierk_walled_garden_2, layout_basic, ebering_ecumenical_altar_box,
          serial_rivers, chequers_serial_rivers_marsh,
          chequers_serial_rivers_micro_a, chequers_serial_rivers_small_a,
          chequers_serial_rivers_small_3, chequers_serial_rivers_room_b,
          chequers_serial_rivers_small_a, minmay_tiny_reverse_x
D:2:      layout_basic
D:3:      minmay_door_path, layout_basic,
          grunt_temple_overflow_forces_of_nature,
          lemuel_zombie_altar_kikubaaqudgha, gammafunk_temple_overflow_statue,
          gup_sewer_entry_spiral, item_on_display_a

Skill      XL: |  1  2  3 |
---------------+----------+-----
Fighting       | 4 |  4.5
Dodging        | 1 |  1.0
Axes           | 3 |  3.2
Armour         | |  2.5
Invocations    | |  2.7

Action                   || total
-------------------------++-------
Melee: Hand axe          ||   114
Invok: Depart the Abyss  ||     1
  Use: Scroll            ||     1
       Potion            ||     1
Armor: Leather armour    ||    26
Dodge: Dodged            ||    80

Table legend: (Time is in decaauts)
 A = Elapsed time spent in this place.
 B = Non-inter-level travel time spent in this place.
 C = Inter-level travel time spent in this place.
 D = Time resting spent in this place.
 E = Time spent auto-exploring this place.
 F = Levels seen in this place.
 G = Mean time per level.
                   A        B        C        D        E       F      G
               +--------+--------+--------+--------+--------+-----+--------+
         Total |   2262 |   2262 |      0 |      0 |   1869 |   4 |  565.5 |
       Dungeon |   2261 |   2261 |      0 |      0 |   1869 |   3 |  753.7 |
         Abyss |      1 |      1 |      0 |      0 |      0 |   1 |    1.0 |
               +--------+--------+--------+--------+--------+-----+--------+

Top non-repeatable levels by time:
     D:1: 1146 daAuts
     D:2: 875 daAuts
     D:3: 239 daAuts
 Abyss:1: 1 daAuts
